 Dungeon Crawl Stone Soup version 0.23.2-30-g0e89c35649 (webtiles) character file.

Game seed: 14635771530567650991

9762 PentaManta the Cleaver (level 11, -2/60 HPs)
             Began as a Gargoyle Fighter on June 8, 2019.
             Killed from afar by a battlesphere (6 damage)
             ... created by a tengu conjurer
             ... led by a tengu warrior
             ... on level 11 of the Dungeon.
             The game lasted 00:21:45 (10164 turns).

PentaManta the Cleaver (Gargoyle Fighter)          Turns: 10164, Time: 00:21:46

Health: -2/60      AC: 20    Str: 23    XL:     11   Next: 51%
Magic:  11/11      EV:  9    Int:  9    God:
Gold:   682        SH: 12    Dex:  9    Spells: 10/10 levels left

rFire    . . .     SeeInvis .   w - +3 hand axe (chop)
rCold    . . .     Gourm    .   c - +0 shield
rNeg     + . .     Faith    .   B - +0 plate armour
rPois    ∞         Spirit   .   m - +0 helmet
rElec    +         Reflect  .   (no cloak)
rCorr    .         Harm     .   (no gloves)
MR       .....                  (no boots)
Stlth    ..........             (no amulet)
HPRegen  0.20/turn              q - +5 ring of slaying
MPRegen  0.12/turn              K - +4 ring of evasion

@: drained
A: negative energy resistance 1, electricity resistance, unbreathing,
petrification resistance, rot immunity, AC +8
a: no special abilities


You were on level 11 of the Dungeon.
You were not hungry.

You visited 2 branches of the dungeon, and saw 12 of its levels.

You collected 682 gold pieces.

Inventory:

Hand Weapons
 a - a +0 war axe
 w - a +3 hand axe of chopping (weapon)
Armour
 c - a +0 shield (worn)
 m - a +0 helmet (worn)
 B - a +0 plate armour (worn)
 M - a +0 cloak
Jewellery
 q - a +5 ring of slaying (left hand)
 K - a +4 ring of evasion (right hand)
 N - an uncursed ring of resist corrosion
 R - the ring "Kaiwaff" {*Drain rPois rN+++ AC+2 Dex+2}
   (You found it on level 10 of the Dungeon)

   [ring of protection]

   It affects your AC (+2).
   It affects your dexterity (+2).
   It protects you from poison.
   It renders you almost immune to negative energy.
   It causes draining when unequipped.
Wands
 b - a wand of clouds (6)
 l - a wand of flame (30)
 y - a wand of polymorph (4)
 D - a wand of enslavement (3)
 G - a wand of iceblast (9)
 J - a wand of disintegration (10)
 O - a wand of acid (5)
 P - a wand of random effects (20)
Scrolls
 d - 3 scrolls of fear
 e - a scroll of enchant weapon
 g - a scroll of magic mapping {unknown}
 j - 3 scrolls of blinking
 o - 6 scrolls of remove curse
 s - 4 scrolls of enchant armour {unknown}
 v - 4 scrolls of identify
 x - 2 scrolls of teleportation {unknown}
 A - a scroll of amnesia {unknown}
 H - a scroll of holy word {unknown}
Potions
 h - 2 potions of haste
 i - a potion of mutation
 k - a potion of brilliance
 n - 9 potions of curing
 p - a potion of flight {unknown}
 r - 5 potions of lignification {unknown}
 t - a potion of magic {unknown}
 u - 2 potions of heal wounds {unknown}
 z - 4 potions of agility {unknown}
 C - a potion of cancellation {unknown}
 E - a potion of ambrosia {unknown}
 F - 4 potions of degeneration {unknown}
 I - a potion of invisibility
 L - a potion of resistance {unknown}
 Q - 2 potions of might
Comestibles
 f - 26 rations


   Skills:
 - Level 3.2(2.4) Fighting
 * Level 13.0(11.9) Axes
 - Level 3.2(2.4) Armour
 + Level 11.5(10.5) Shields


You had 10 spell levels left.
You didn't know any spells.
Your spell library contained the following spells:

 Spells                   Type           Power        Failure   Level  Hunger
 Animate Skeleton         Necr           N/A          100%        1    ##.....
 Apportation              Tloc           #.....       100%        1    ##.....
 Confusing Touch          Hex            #.....       100%        1    ##.....
 Magic Dart               Conj           #...         100%        1    ##.....
 Sandblast                Erth           #.....       100%        1    ##.....
 Summon Small Mammal      Summ           #...         100%        1    ##.....
 Blink                    Tloc           N/A          100%        2    ###....
 Call Imp                 Summ           #.......     100%        2    ###....
 Passwall                 Tmut/Erth      #.......     100%        2    ###....
 Slow                     Hex            #.......     100%        2    ###....
 Conjure Flame            Conj/Fire      #.......     100%        3    ####...
 Mephitic Cloud           Conj/Pois/Air  #.......     100%        3    ####...
 Stone Arrow              Conj/Erth      #.....       100%        3    ####...
 Petrify                  Tmut/Erth      #.......     100%        4    #####..
 Lee's Rapid Deconstruct  Erth           #.........   100%        5    ######.


Dungeon Overview and Level Annotations

Branches:
Dungeon (11/15)            Temple (1/1) D:5            Lair (0/6) D:8
    Orc: D:9-12

Altars:
Ashenzari
Cheibriados
Dithmenos
Elyvilon
Fedhas
Gozag
Hepliaklqana
Kikubaaqudgha
Makhleb
Nemelex Xobeh
Qazlal
Ru
Sif Muna
Trog
Uskayaw
Vehumet
Wu Jian
Xom
Yredelemnul
Zin
The Shining One

Annotations:
D:9 3 runed translucent doors, Peloso's ghost, novice MiFi


Innate Abilities, Weirdness & Mutations

You are resistant to torment.
Your stone body is resilient. (AC +8)
You are immune to poison.
You resist negative energy. (rN+)
You are resistant to electric shocks. (rElec)
You can survive without breathing.
You are immune to petrification.
You are immune to rotting.


Message History

Your plate armour prevents you from hitting the tengu warrior.
You hit something. Something hits you but does no damage.
The tengu conjurer points at you and mumbles some strange words.
The bolt of magma hits you!!
The battlesphere fires!
The barrage of energy hits you but does no damage.
Your shield and plate armour prevent you from hitting the tengu conjurer.
The tengu conjurer is moderately wounded.
You hit the tengu warrior but do no damage.
Something hits you but does no damage. You block the tengu warrior's attack.
The tengu warrior pecks you but does no damage.
The tengu warrior barely misses you.
You closely miss the tengu conjurer.
The tengu conjurer is moderately wounded.
You miss something. You barely miss the tengu warrior.
Something hits you but does no damage.
The tengu conjurer casts a spell at you.
The bolt of magma hits you!!
* * * LOW HITPOINT WARNING * * *
The battlesphere fires!
The barrage of energy hits you.
You die...

## .. ##
############# ###
#####....Q*...... ...
.........@Q.....( ...
........?######## ###
#####...# #...#
#############...####
.....................
.....................
.....................
#####################


You could see a tengu warrior, a tengu conjurer and a battlesphere.

Vanquished Creatures
  2 two-headed ogres
  2 centaur zombies
  A centaur skeleton (D:10)
  Joseph (D:7)
  A troll (D:10)
  Grinder (D:5)
  2 hippogriffs
  A vampire (D:11)
  A wraith (D:11)
  A wyvern (D:10)
  Sigmund (D:5)
  A hungry ghost (D:10)
  2 water moccasins
  7 orc warriors
  2 sky beasts (D:5)
  4 ice beasts
  7 ogres
  A necrophage (D:9)
  2 eyes of draining
  2 centaurs
  A big kobold (D:8)
  Blork the orc (D:4)
  4 bullfrogs
  A gnoll sergeant (D:7)
  5 scorpions
  A wyvern skeleton (D:5)
  12 killer bees
  8 wights
  2 howler monkeys
  3 crimson imps
  A bullfrog zombie (D:9)
  A quasit (D:7)
  6 orc priests
  3 bullfrog skeletons
  A gnoll shaman (D:4)
  3 hounds
  14 orc wizards
  2 iguanas
  Natasha (thrice) (D:3)
  5 worker ants
  A hound zombie (D:11)
  2 hound skeletons (D:5)
  Robin (D:2)
  7 adders
  11 gnolls
  3 shadow imps
  3 adder skeletons
  2 worms (D:2)
  3 dart slugs
  4 leopard geckos
  48 orcs
  4 bats
  10 giant cockroaches
  15 goblins
  16 hobgoblins
  19 jackals
  5 kobolds
  2 quokkas
  2 ball pythons
  6 frilled lizards
  3 quokka skeletons
  6 rats
292 creatures vanquished.

Notes
Turn   | Place    | Note
-------+----------+-------------------------------------------
     0 | D:1      | PentaManta the Gargoyle Fighter began the quest for the
                  | Orb.
     0 | D:1      | Reached XP level 1. HP: 14/14 MP: 1/1
    43 | D:1      | Reached skill level 2 in Axes
    75 | D:1      | Reached XP level 2. HP: 12/19 MP: 2/2
   468 | D:1      | Reached XP level 3. HP: 23/23 MP: 3/3
   892 | D:2      | Reached skill level 3 in Axes
   903 | D:2      | Found a faded altar of an unknown god.
  1007 | D:2      | Noticed Robin
  1015 | D:2      | Reached XP level 4. HP: 16/28 MP: 4/4
  1316 | D:2      | Killed Robin
  1842 | D:3      | Noticed Natasha
  1861 | D:3      | Killed Natasha
  1861 | D:3      | Reached skill level 4 in Axes
  1861 | D:3      | Reached XP level 5. HP: 14/32 MP: 5/5
  2064 | D:3      | Noticed Natasha
  2079 | D:3      | Killed Natasha
  2098 | D:3      | Noticed Natasha
  2112 | D:3      | Killed Natasha
  2321 | D:3      | Found an ancient bone altar of Kikubaaqudgha.
  2517 | D:4      | Reached XP level 6. HP: 37/37 MP: 6/6
  2552 | D:4      | Noticed Blork the orc
  2572 | D:4      | Reached skill level 5 in Axes
  2572 | D:4      | Reached skill level 5 in Shields
  2582 | D:4      | Killed Blork the orc
  2803 | D:5      | Entered Level 5 of the Dungeon
  2814 | D:5      | Reached XP level 7. HP: 35/41 MP: 7/7
  3418 | D:5      | Reached skill level 6 in Axes
  4017 | D:5      | Noticed Sigmund
  4034 | D:5      | Killed Sigmund
  4034 | D:5      | Reached XP level 8. HP: 38/46 MP: 8/8
  4147 | D:5      | Found a radiant altar of Vehumet.
  4288 | D:5      | Found a staircase to the Ecumenical Temple.
  4296 | D:5      | Reached skill level 7 in Axes
  4301 | Temple   | Entered the Ecumenical Temple
  4404 | D:5      | Noticed Grinder
  4425 | D:5      | Killed Grinder
  4739 | D:6      | Reached skill level 8 in Axes
  5101 | D:5      | Reached XP level 9. HP: 10/51 MP: 9/9
  5382 | D:5      | Reached skill level 9 in Axes
  5969 | D:7      | Found a sacrificial altar of Ru.
  5973 | D:7      | Found a snail-covered altar of Cheibriados.
  6053 | D:7      | Noticed Joseph
  6074 | D:7      | Killed Joseph
  6200 | D:7      | Reached skill level 10 in Axes
  6462 | D:7      | Reached XP level 10. HP: 54/56 MP: 10/10
  6715 | D:7      | Noticed a two-headed ogre
  6728 | D:7      | Killed a two-headed ogre
  6728 | D:7      | Reached skill level 11 in Axes
  6729 | D:7      | Reached skill level 10 in Shields
  7193 | D:8      | Found a staircase to the Lair.
  8318 | D:9      | Reached skill level 12 in Axes
  8332 | D:9      | Reached XP level 11. HP: 48/60 MP: 11/11
  8534 | D:9      | Found a glowing golden altar of the Shining One.
  8678 | D:9      | Found a runed translucent gate.
  8678 | D:9      | Found a runed translucent gate.
  8678 | D:9      | Found a runed translucent gate.
  8679 | D:9      | Noticed Peloso's ghost (novice MiFi)
  8934 | D:10     | Entered Level 10 of the Dungeon
  9131 | D:10     | Noticed a two-headed ogre
  9144 | D:10     | Killed a two-headed ogre
  9670 | D:10     | Found a snail-covered altar of Cheibriados.
  9673 | D:10     | Got a brightly glowing pewter ring
  9797 | D:10     | Identified the ring "Kaiwaff" {*Drain rPois rN+++ AC+2
                  | Dex+2} (You found it on level 10 of the Dungeon)
 10148 | D:11     | Reached skill level 13 in Axes
 10151 | D:11     | Noticed a tengu warrior
 10164 | D:11     | Killed from afar by a battlesphere

Skill      XL: |  1  2  3  4  5  6  7  8  9 10 11 |
---------------+----------------------------------+-----
Axes           | 2 3 4 5 6 8 10 12 13 | 13.0
Shields        | 4 5 6 7 9 10 11 | 11.5
Fighting       | |  3.2
Armour         | |  3.2

Action                   |  1- 3 |  4- 6 |  7- 9 | 10-12 || total
-------------------------+-------+-------+-------+-------++-------
Melee: War axe           |   142 |   228 |   208 |       ||   578
       Hand axe          |       |       |    88 |   364 ||   452
Throw: Throwing net      |       |       |       |     1 ||     1
  Use: Potion            |       |       |     2 |       ||     2
       Scroll            |       |       |       |     9 ||     9
 Stab: Held in net/web   |       |       |       |     1 ||     1
  Eat: Chunk             |       |     6 |    13 |     8 ||    27
       Ration            |       |       |       |     2 ||     2
Armor: Scale mail        |    57 |   133 |    97 |       ||   287
       Plate armour      |       |       |    61 |   190 ||   251
Dodge: Dodged            |    61 |    78 |    79 |    69 ||   287
Block: Shield            |    94 |   135 |   153 |   200 ||   582
